 Dungeon Crawl Stone Soup version 0.26-a0-30-g56b8cd3df0 (webtiles) character file.

Game seed: 17950843738832357009, levelgen mode: deterministic

30025 grindst0ne the Covert (level 13, 0/101 HPs)
             Began as a Vampire Gladiator on June 3, 2020.
             Was an Elder of Makhleb.
             Slain by a death yak (17 damage)
             ... on level 5 of the Lair of Beasts.
             The game lasted 00:55:27 (15163 turns).

grindst0ne the Covert (Vampire Gladiator)          Turns: 15163, Time: 00:55:27

Health: 0/101      AC: 20    Str: 21    XL:     13   Next: 18%
Magic:  18/18      EV: 12    Int: 13    God:    Makhleb [****..]
Gold:   850        SH:  0    Dex: 22    Spells: 12/12 levels left

rFire    + + .     SeeInvis +   G - +1 broad axe (drain)
rCold    . . .     Gourm    .   (no shield)
rNeg     . . .     Faith    .   v - +3 plate armour {rF+}
rPois    .         Spirit   .   c - +0 helmet
rElec    +         Reflect  .   D - +1 cloak {rF+}
rCorr    .         Harm     .   (no gloves)
MR       +....                  B - +1 pair of boots "Jiporioj" {rElec}
Stlth    +.........             (no amulet)
HPRegen  0.46/turn              y - +6 ring of strength
MPRegen  0.16/turn              t - +6 ring of dexterity

@: about to teleport, regenerating quickly
A: no food, fangs 3, see invisible, unbreathing
a: Exsanguinate, Minor Destruction, Lesser Servant of Makhleb, Major
Destruction, Renounce Religion


You were on level 5 of the Lair of Beasts.
You worshipped Makhleb.
Makhleb was greatly pleased with you.
You were alive.

You visited 3 branches of the dungeon, and saw 17 of its levels.
You also visited: Ossuary and Volcano.

You collected 850 gold pieces.

Inventory:

Hand Weapons
 l - a +0 broad axe of flaming
 G - a +1 broad axe of draining (weapon)
Missiles
 d - 2 boomerangs
 q - 8 javelins
 u - 57 poisoned darts (quivered)
Armour
 c - a +0 helmet (worn)
 s - a +0 kite shield
 v - a +3 plate armour of fire resistance (worn)
 x - the +1 cloak of Zabod {rN+ rCorr}
   (You found it on level 5 of the Dungeon)

   It protects you from negative energy.
   It provides partial protection from all sources of acid and corrosion.
 B - the +1 pair of boots "Jiporioj" (worn) {rElec}
   (You acquired it on level 5 of the Lair of Beasts)

   It insulates you from electricity.
 D - a +1 cloak of fire resistance (worn)
 S - a +2 scale mail of fire resistance
Jewellery
 e - an uncursed ring of ice
 t - a +6 ring of dexterity (right hand)
 y - a +6 ring of strength (left hand)
 I - an uncursed ring of flight
 M - the ring "Festem" {MP+9 Str+2}
   (You found it on level 7 of the Dungeon)

   [ring of magical power]

   It affects your strength (+2).
   It affects your magic capacity (+9).
Wands
 k - a wand of disintegration (11)
 E - a wand of flame (10)
 N - a wand of random effects (13)
Scrolls
 a - 2 scrolls of silence
 f - 3 scrolls of fog
 g - 3 scrolls of amnesia
 h - 4 scrolls of magic mapping
 n - 5 scrolls of enchant armour
 z - 9 scrolls of remove curse
 C - a scroll of blinking
 K - 3 scrolls of immolation
 P - a scroll of holy word
Potions
 b - 4 potions of flight
 i - a potion of stabbing {unknown}
 j - 7 potions of mutation
 m - a potion of lignification {unknown}
 o - a potion of cancellation {unknown}
 p - a potion of haste
 r - 9 potions of curing
 w - a potion of degeneration {unknown}
 H - 2 potions of resistance
 J - 2 potions of ambrosia
 L - a potion of invisibility
 R - 2 potions of brilliance
 T - a potion of might
Miscellaneous
 O - a phial of floods


   Skills:
 + Level 9.3 Fighting
 * Level 11.1 Axes
 - Level 1.5 Throwing
 + Level 5.0 Armour
 - Level 9.1 Dodging
 - Level 12.5 Stealth
 - Level 3.5 Unarmed Combat
 + Level 7.3 Invocations
 - Level 6.0 Evocations


You had 12 spell levels left.
You didn't know any spells.
Your spell library contained the following spells:

 Spells                   Type           Power        Failure   Level  Hunger
 Animate Skeleton         Necr           N/A          100%        1    N/A
 Apportation              Tloc           #.....       100%        1    N/A
 Corona                   Hex            #......      100%        1    N/A
 Foxfire                  Conj/Fire      #...         100%        1    N/A
 Freeze                   Ice            #...         100%        1    N/A
 Magic Dart               Conj           #...         100%        1    N/A
 Summon Small Mammal      Summ           #...         100%        1    N/A
 Call Imp                 Summ           #.......     100%        2    N/A
 Ensorcelled Hibernation  Hex/Ice        #.....       100%        2    N/A
 Searing Ray              Conj           #.....       100%        2    N/A
 Call Canine Familiar     Summ           #.......     100%        3    N/A
 Confusing Touch          Hex            #.......     100%        3    N/A
 Conjure Flame            Conj/Fire      #.......     100%        3    N/A
 Dazzling Flash           Conj/Hex       #.....       100%        3    N/A
 Frozen Ramparts          Ice            #.....       100%        3    N/A
 Inner Flame              Hex/Fire       #.......     100%        3    N/A
 Ozocubu's Armour         Chrm/Ice       #.......     100%        3    N/A
 Spectral Weapon          Hex/Chrm       #.......     100%        3    N/A
 Static Discharge         Conj/Air       #.......     100%        3    N/A
 Summon Guardian Golem    Hex/Summ       #.......     100%        3    N/A
 Tukima's Dance           Hex            #.......     100%        3    N/A
 Fulminant Prism          Conj/Hex       #.........   100%        4    N/A
 Hailstorm                Conj/Ice       #.......     100%        4    N/A
 Iskenderun's Mystic Bla  Conj/Tloc      #.......     100%        4    N/A
 Sticky Flame             Conj/Fire      #.......     100%        4    N/A
 Summon Ice Beast         Ice/Summ       #.......     100%        4    N/A
 Summon Lightning Spire   Summ/Air       #.......     100%        4    N/A
 Bolt of Magma            Conj/Fire/Erth #.........   100%        5    N/A
 Fireball                 Conj/Fire      #.........   100%        5    N/A
 Iskenderun's Battlesphe  Conj/Chrm      #.......     100%        5    N/A
 Lightning Bolt           Conj/Air       #.........   100%        5    N/A
 Silence                  Hex/Air        #.........   100%        5    N/A
 Iron Shot                Conj/Erth      #.........   100%        6    N/A
 Orb of Destruction       Conj           #.........   100%        7    N/A
 Ring of Flames           Chrm/Fire      #.........   100%        7    N/A
 Spellforged Servitor     Conj/Summ      #.........   100%        7    N/A
 Ignition                 Fire           #.........   100%        8    N/A
 Shatter                  Erth           #.........   100%        9    N/A
 Tornado                  Air            #.........   100%        9    N/A

Dungeon Overview and Level Annotations

Branches:
Dungeon (10/15)            Temple (1/1) D:5            Lair (6/6) D:9
  Swamp (0/4) Lair:2        Snake (0/4) Lair:4        Slime (0/5) Lair:5
Ossuary (visited)         Volcano (visited)
    Orc: D:9-12

Altars:
Ashenzari
Cheibriados
Dithmenos
Elyvilon
Fedhas
Gozag
Hepliaklqana
Kikubaaqudgha
Makhleb
Nemelex Xobeh
Okawaru
Qazlal
Ru
Sif Muna
Trog
Uskayaw
Vehumet
Wu Jian
Xom
Yredelemnul
Zin
The Shining One
Jiyva

Shops:
D:9 !

Annotations:
D:10 Joseph
Lair:1 exclusion: downstairs
Lair:2 exclusion: downstairs
Lair:3 1 runed translucent door
Lair:6 Kirke


Innate Abilities, Weirdness & Mutations

You do not eat.
Your natural rate of healing is unusually fast.
You have razor-sharp teeth.
You have supernaturally acute eyesight. (SInv)
You can survive without breathing.


Message History

Okay, then.
Unknown command.
You barely miss the death yak. You bite the death yak.
The death yak is moderately wounded.
The death yak gores you!!
As you read the scroll of teleportation, it crumbles to dust.
You feel strangely unstable.
The death yak gores you but does no damage.
Your plate armour prevents you from hitting the death yak.
The death yak is moderately wounded.
The death yak gores you!
* * * LOW HITPOINT WARNING * * *
You hit the death yak. You bite the death yak.
The death yak is heavily wounded.
The death yak gores you!
* * * LOW HITPOINT WARNING * * *
You slice the death yak!! You drain the death yak. You bite the death yak.
The death yak is severely wounded.
The death yak gores you!
You die...

##..##**
##..##*,**
###...###*,****
#...<...#,,,*,*
##..........,,**
##..P..#......,**
#YYY.P........,,**
##YYY.........,,,*
#@#Y..........,,,,
###Y.........,,,,,
##Y.Y......,,,,,,
#Y......(.,,,,,,,
##........,,,,,,,
##....Y..,,,,,,,
*#.YYY..,,,,,,,
*#.....,,,,,,,
**Y....,,,,,,,


You could see 4 death yaks and a yak.

Vanquished Creatures
  Nessos (Lair:5)
  A red draconian (Volcano)
  2 hydras
  Fannar (Lair:1)
  A catoblepas (Lair:5)
  Erolcha (D:10)
  A salamander mystic (Volcano)
  A lindwurm (Lair:5)
  An oklob plant (Lair:3)
  An elephant (D:9)
  4 salamanders (Volcano)
  2 black mambas (Lair:4)
  6 spiny frogs
  Maggie (Lair:1)
  8 komodo dragons
  3 rime drakes
  A troll (D:10)
  3 polar bears
  9 hippogriffs
  A dream sheep (Lair:4)
  4 blink frogs (Lair:3)
  Sigmund (D:4)
  23 yaks
  6 basilisks
  A wyvern (Lair:3)
  A hungry ghost (D:9)
  Edmund (D:6)
  8 water moccasins
  Duvessa (D:4)
  11 porcupines
  2 sky beasts
  2 orc warriors
  3 phantoms
  4 ogres
  A black bear (Lair:1)
  An ice beast (D:9)
  3 wolves (Lair:5)
  4 centaurs
  13 crocodiles
  A big kobold (D:9)
  8 bullfrogs
  Dowan (D:4)
  A water moccasin zombie (Ossuary)
  A wyvern skeleton (D:10)
  4 scorpions
  3 killer bees (D:7)
  11 wights
  4 howler monkeys
  A bullfrog zombie (D:8)
  2 electric eels
  4 crimson imps
  A quasit (D:8)
  3 hounds
  A jelly (D:7)
  5 orc wizards
  3 bullfrog skeletons
  2 orc priests
  A gnoll shaman (D:7)
  3 iguanas
  A centaur skeleton (D:5)
  3 worker ants
  4 big kobold zombies (Ossuary)
  3 mummies
  A worker ant zombie (D:6)
  4 gnolls (D:7)
  15 adders
  3 shadow imps
  An adder skeleton (D:4)
  6 adder zombies (Ossuary)
  4 worms
  7 dart slugs
  6 leopard geckos
  25 orcs
  A ball python (D:1)
  3 giant cockroaches
  2 gnoll zombies (Ossuary)
  10 hobgoblins
  7 kobolds
  2 quokkas (D:2)
  4 bats
  4 frilled lizards
  4 goblins
  6 hobgoblin zombies (Ossuary)
  8 kobold zombies (Ossuary)
  5 orc zombies (Ossuary)
  10 rats
348 creatures vanquished.

Vanquished Creatures (collateral kills)
  A hydra (Lair:3)
1 creature vanquished.

Vanquished Creatures (others)
  A salamander (Volcano)
  An adder (D:3)
  An orc (D:3)
  2 hobgoblins (D:3)
  A quokka (D:3)
  2 fungi
  A plant (D:9)
9 creatures vanquished.

Grand Total: 358 creatures vanquished

Notes
Turn   | Place    | Note
-------+----------+-------------------------------------------
     0 | D:1      | grindst0ne the Vampire Gladiator began the quest for the
                  | Orb.
     0 | D:1      | Reached XP level 1. HP: 16/16 MP: 1/1
   111 | D:1      | Reached skill level 1 in Stealth
   127 | D:1      | Reached XP level 2. HP: 22/22 MP: 2/2
   271 | D:1      | Reached skill level 2 in Stealth
   381 | D:1      | Reached XP level 3. HP: 7/28 MP: 3/3
   783 | D:2      | Found a shadowy altar of Dithmenos.
   804 | D:2      | Reached skill level 3 in Stealth
  1023 | D:2      | Reached XP level 4. HP: 33/34 MP: 4/4
  1137 | D:2      | Found a radiant altar of Vehumet.
  1771 | D:4      | Reached skill level 4 in Stealth
  1792 | D:4      | Found a sand-covered staircase.
  1801 | Ossuary  | Entered an ossuary
  1842 | Ossuary  | Reached XP level 5. HP: 32/41 MP: 5/5
  1901 | Ossuary  | Reached skill level 5 in Stealth
  1931 | Ossuary  | Reached skill level 5 in Dodging
  1973 | Ossuary  | Reached XP level 6. HP: 38/47 MP: 6/6
  2243 | D:4      | Noticed Duvessa
  2246 | D:4      | Noticed Dowan
  2298 | D:4      | Killed Duvessa
  2298 | D:4      | Reached skill level 1 in Unarmed Combat
  2305 | D:4      | Killed Dowan
  2305 | D:4      | Reached skill level 6 in Stealth
  2305 | D:4      | Reached skill level 1 in Evocations
  2305 | D:4      | Reached XP level 7. HP: 54/54 MP: 7/7
  2374 | D:4      | Noticed Sigmund
  2397 | D:4      | Killed Sigmund
  2540 | D:4      | Found a shimmering blue altar of Sif Muna.
  2943 | D:5      | Entered Level 5 of the Dungeon
  2970 | D:5      | Found a snail-covered altar of Cheibriados.
  3009 | D:5      | Reached skill level 7 in Stealth
  3013 | D:5      | Reached XP level 8. HP: 40/61 MP: 9/9
  3210 | D:5      | Found a staircase to the Ecumenical Temple.
  3251 | D:5      | Got a jewelled cloak
  3257 | D:5      | Identified the +1 cloak of Zabod {rN+ rCorr} (You found it
                  | on level 5 of the Dungeon)
  3263 | Temple   | Entered the Ecumenical Temple
  3388 | Temple   | Became a worshipper of Makhleb the Destroyer
  3938 | D:6      | Noticed Edmund
  3988 | D:6      | Killed Edmund
  3988 | D:6      | Reached skill level 5 in Fighting
  4118 | D:6      | Reached skill level 8 in Stealth
  4984 | D:7      | Reached XP level 9. HP: 44/68 MP: 11/11
  5062 | D:7      | Reached * piety under Makhleb
  5244 | D:7      | Found a burning altar of Makhleb.
  5283 | D:7      | Found a glowing golden altar of the Shining One.
  5311 | D:7      | Reached skill level 9 in Stealth
  5417 | D:7      | Reached skill level 1 in Invocations
  5831 | D:7      | Got a flickering platinum ring
  6241 | D:7      | Identified the ring "Festem" {MP+9 Str+2} (You found it on
                  | level 7 of the Dungeon)
  6288 | D:8      | Reached skill level 5 in Axes
  6417 | D:8      | Found a white marble altar of Elyvilon.
  6882 | D:9      | Reached skill level 10 in Stealth
  6933 | D:9      | Found a staircase to the Lair.
  6933 | D:9      | Noticed an elephant
  6945 | D:9      | Killed an elephant
  6945 | D:9      | Reached XP level 10. HP: 71/76 MP: 13/13
  6950 | D:9      | Reached ** piety under Makhleb
  7160 | D:9      | Reached skill level 5 in Evocations
  7515 | D:9      | Found Vuhil's Distillery.
  7574 | D:10     | Entered Level 10 of the Dungeon
  7801 | D:10     | Noticed Erolcha
  7811 | D:10     | Killed Erolcha
  8130 | D:10     | Noticed Joseph
  8179 | Lair:1   | Entered Level 1 of the Lair of Beasts
  8227 | Lair:1   | Reached skill level 11 in Stealth
  8380 | Lair:1   | Noticed Maggie
  8409 | Lair:1   | Killed Maggie
  8409 | Lair:1   | Reached XP level 11. HP: 84/84 MP: 15/15
  8723 | Lair:1   | Noticed Fannar
  8760 | Lair:1   | Killed Fannar
  9795 | Lair:2   | Reached *** piety under Makhleb
  9873 | Lair:2   | Found a staircase to the Swamp.
 10371 | Lair:2   | Reached skill level 1 in Armour
 10505 | Lair:2   | Reached skill level 12 in Stealth
 10550 | Lair:2   | Noticed a four-headed hydra
 10565 | Lair:2   | Killed a five-headed hydra
 10858 | Lair:2   | Reached skill level 5 in Invocations
 11092 | Lair:3   | Noticed a seven-headed hydra
 11300 | Lair:3   | Killed a nine-headed hydra
 11942 | Lair:3   | Reached XP level 12. HP: 73/73 MP: 16/16
 11982 | Lair:3   | Found a runed translucent door.
 11984 | Lair:3   | Noticed a seven-headed hydra
 12956 | Lair:4   | You fall into a shaft and drop 2 floors!
 12956 | Lair:6   | Entered Level 6 of the Lair of Beasts
 12957 | Lair:6   | Noticed Kirke
 12973 | Lair:5   | Identified the Handbook of the Boosting Birds
 12993 | Lair:5   | Noticed Nessos
 13002 | Lair:5   | Killed Nessos
 13062 | Lair:5   | Found a dark tunnel.
 13174 | Volcano  | Entered a volcano
 13211 | Volcano  | Noticed a red draconian
 13245 | Volcano  | HP: 4/94 [red draconian/searing blast (26)]
 13247 | Volcano  | Killed a red draconian
 13539 | Volcano  | Reached skill level 10 in Axes
 14075 | Lair:4   | Found a staircase to the Snake Pit.
 14309 | Lair:4   | Reached **** piety under Makhleb
 14621 | Lair:5   | Found a staircase to the Slime Pits.
 14621 | Lair:5   | Found a viscous altar of Jiyva.
 14628 | Lair:5   | Identified a scroll of acquirement
 14629 | Lair:5   | Got the +1 pair of boots "Jiporioj" {rElec}
 14711 | Lair:5   | Reached XP level 13. HP: 84/101 MP: 18/18
 15056 | Lair:5   | Reached skill level 5 in Armour
 15163 | Lair:5   | Slain by a death yak

Illustrated notes

Levels and vault maps discovered:
D:1:      psy_arrival_basics, layout_loops_ring, minmay_three_crescents
D:2:      layout_rooms, nicolae_dithmenos_shadow_blocks,
          lemuel_coloured_pillars_altar
D:3:      layout_rooms, serial_bayou_lagoon_a, kennysheep_generic_room_2
D:4:      layout_loops_ring, old_standard_altar, nicolae_ossuary_entry_monument,
          first_ration, uniq_duvessa, uniq_sigmund
D:5:      layout_basic, slow_altar_1, minmay_temple_entry_arrows
D:6:      layout_loops_ring, uniq_edmund
D:7:      layout_layer_cave, nicolae_overflow_crystal_walls, basic_altar
D:8:      layout_cave_pools, elyvilon_altar_1
D:9:      layout_roguey, david_lair_generic, serial_shops, kennysheep_mini
D:10:     layout_stronghold, uniq_erolcha, uniq_joseph
Temple:   nicolae_temple_elliptical
Lair:1:   layout_regular_city, cheibrodos_lair_caveside_slide,
          gammafunk_lair_bear_cave, uniq_fannar, uniq_maggie
Lair:2:   layout_loops_ring, minmay_swamp_entry_reptiles,
          infiniplex_staircase_pool
Lair:3:   layout_regular_city, pf_torpor_hydra, grunt_megastairs_4
Lair:4:   layout_gridlike, dummy_snake_entry, hangedman_lair_generics_rect,
          grunt_megastairs_2
Lair:5:   layout_cave_pods, slime_altar_1, nicolae_volcano_entry_vermiform,
          uniq_nessos
Lair:6:   grunt_lair_end_beastmaster, layout_regular_city,
          nicolae_quartered_pool_medium, uniq_kirke

Skill      XL: |  1  2  3  4  5  6  7  8  9 10 11 12 13 |
---------------+----------------------------------------+-----
Stealth        | 1 2 3 4 5 6 7 8 10 11 12 | 12.5
Fighting       | 2 3 4 5 6 7 9 |  9.3
Dodging        | 4 5 6 7 8 9 |  9.1
Unarmed Combat | 1 3 |  3.5
Evocations     | 1 2 3 4 5 6 |  6.0
Axes           | 3 5 7 9 10 11 | 11.1
Invocations    | 2 3 5 7 |  7.3
Armour         | 2 4 5 |  5.0
Throwing       | |  1.5

Action                   |  1- 3 |  4- 6 |  7- 9 | 10-12 | 13-15 || total
-------------------------+-------+-------+-------+-------+-------++-------
Melee: War axe           |    59 |       |       |       |       ||    59
       Bite              |     9 |    55 |    66 |   131 |    18 ||   279
       Whip              |    55 |   288 |   251 |       |       ||   594
       Punch             |       |       |     3 |    11 |     1 ||    15
       Broad axe         |       |       |   207 |   569 |    77 ||   853
       Glaive            |       |       |       |     2 |       ||     2
Throw: Throwing net      |       |     4 |       |       |       ||     4
       Boomerang         |       |       |     5 |       |       ||     5
       Dart              |       |       |     5 |     9 |     1 ||    15
Invok: Lesser Servant of |       |       |       |     5 |       ||     5
 Abil: Exsanguinate      |       |       |     1 |     2 |       ||     3
       Revivify          |       |       |       |     2 |       ||     2
       End Transformatio |       |       |       |     1 |       ||     1
       Bat Form          |       |       |       |     1 |       ||     1
Evoke: Wand              |       |     1 |       |    25 |     5 ||    31
       Phial of floods   |       |       |       |     2 |       ||     2
       Box of beasts     |       |       |       |     1 |       ||     1
  Use: Scroll            |       |     9 |    11 |    10 |     2 ||    32
       Potion            |       |     1 |       |     7 |       ||     8
 Stab: Sleeping          |     4 |     9 |    24 |    17 |       ||    54
       Held in net/web   |       |     3 |       |       |       ||     3
       Confused          |       |     1 |       |     4 |       ||     5
       Invisible         |       |       |     1 |       |       ||     1
       Distracted        |       |       |       |     1 |       ||     1
Armor: Leather armour    |    10 |       |   118 |   111 |       ||   239
       Ring mail         |    16 |    73 |       |       |       ||    89
       Plate armour      |       |       |       |    63 |    40 ||   103
Dodge: Dodged            |    85 |   159 |   365 |   583 |    31 ||  1223

Table legend:
 A = Non-vault XP
 B = Vault XP
 C = Vault XP percentage of total XP
 D = Non-vault monster count
 E = Vault monster count
 F = Vault count percentage of total count
                 A         B        C        D         E       F
            +---------+---------+-------+---------+---------+-------
      Total |   27956 |   14937 |  34.8 |     267 |      83 |  23.7
            +---------+---------+-------+---------+---------+-------
        D:1 |      37 |      11 |  22.9 |      19 |       6 |  24.0
        D:2 |      57 |       0 |   0.0 |      15 |       0 |   0.0
        D:3 |      61 |       0 |   0.0 |      19 |       0 |   0.0
        D:4 |     315 |     446 |  58.6 |      20 |       3 |  13.0
        D:5 |     580 |      18 |   3.0 |      12 |       1 |   7.7
        D:6 |     702 |     158 |  18.4 |      20 |       1 |   4.8
        D:7 |    1593 |       0 |   0.0 |      29 |       0 |   0.0
        D:8 |     994 |       0 |   0.0 |      21 |       0 |   0.0
        D:9 |    1363 |    1037 |  43.2 |      17 |       4 |  19.0
       D:10 |     563 |     939 |  62.5 |       5 |       1 |  16.7
     Lair:1 |    2662 |    1805 |  40.4 |      14 |       5 |  26.3
     Lair:2 |    4353 |     516 |  10.6 |      16 |       4 |  20.0
     Lair:3 |    4153 |    1384 |  25.0 |      14 |       7 |  33.3
     Lair:4 |    4111 |    2398 |  36.8 |      19 |       8 |  29.6
     Lair:5 |    6412 |    1871 |  22.6 |      27 |       2 |   6.9
    Ossuary |       0 |     274 | 100.0 |       0 |      34 | 100.0
    Volcano |       0 |    4080 | 100.0 |       0 |       7 | 100.0
            +---------+---------+-------+---------+---------+-------
